 Dungeon Crawl Stone Soup version 0.31-a0-188-g5e087ee2ca (webtiles) character file.

Game seed: 4714747144755686900

287 qw the Skirmisher (level 6, 0/36 HPs)
             Began as a Deep Elf Hunter on June 23, 2023.
             Succumbed to a kobold brigand's poison
             ... in a sewer.
             The game lasted 00:00:51 (2035 turns).

qw the Skirmisher (Deep Elf Hunter)                 Turns: 2035, Time: 00:00:52

Health: 0/36       AC:  7    Str: 10    XL:     6   Next: 8%
Magic:  8/8        EV: 11    Int: 14    God:
Gold:   78         SH:  0    Dex: 18    Spells: 5/5 levels left

rFire   . . .        Y - +0 shortbow
rCold   . . .        (shield currently unavailable)
rNeg    . . .        b - +0 ring mail
rPois   .            (no helmet)
rElec   .            d - +0 cloak
rCorr   .            a - +0 pair of gloves
SInv    .            (no boots)
Will    .....        (no amulet)
Stlth   +            (no ring)
HPRegen 0.26/turn    (no ring)
MPRegen 0.11/turn

%: no passive effects
@: lethally poisoned (0 -> -11), about to teleport, very slow
A: no striking features
a: no special abilities


You were in a sewer.
You visited 1 branch of the dungeon, and saw 3 of its levels.
You also visited: Sewer.

You collected 78 gold pieces.


   Skills:
 - Level 2.6 Fighting
 - Level 9.0 Ranged Weapons
 + Level 0.1 Armour
 - Level 2.4 Dodging
 - Level 1.2 Stealth


You had 5 spell levels left.
You didn't know any spells.
Your spell library was empty.

Inventory:

Hand Weapons
 Y - a +0 shortbow (weapon)
Armour
 a - a +0 pair of gloves (worn)
 b - a +0 ring mail (worn)
 d - a +0 cloak (worn)
Scrolls
 e - a scroll of identify

Dungeon Overview and Level Annotations

Branches:
Dungeon (3/15)              Sewer (1/1)

Altars:

Annotations:
D:2 1 runed translucent door, Crazy Yiuf


Message History

You are more poisoned.
You shoot an arrow. The arrow hits the worm!
The worm is moderately wounded.
You feel very sick.
You shoot an arrow. The arrow hits the kobold brigand.
The kobold brigand is moderately wounded.
You feel very sick.
The kobold brigand throws a poisoned dart.
The poisoned dart hits you!
You are more poisoned.
You shoot an arrow. The arrow hits the kobold brigand.
The kobold brigand is heavily wounded.
You feel very sick.
You shoot an arrow. The arrow hits the kobold brigand.
The kobold brigand is severely wounded.
You feel very sick.
You shoot an arrow.
The arrow barely misses the kobold brigand.
You feel very sick.
The kobold brigand throws a poisoned dart.
The poisoned dart hits you!
You are lethally poisoned!
You shoot an arrow. The arrow barely misses the worm.
You feel very sick.
You shoot an arrow. The arrow hits the kobold brigand.
The kobold brigand is almost dead.
You feel very sick.
The kobold brigand throws a poisoned dart.
The poisoned dart hits you!
You are more poisoned.
You shoot an arrow.
The arrow barely misses the kobold brigand.
You feel very sick.
2034 ||| READING scroll of teleportation.
As you read the scroll of teleportation, it crumbles to dust.
You feel strangely unstable.
You feel very sick.
You shoot an arrow. The arrow hits the worm.
The worm is moderately wounded.
You die...

#...# ##.~.# ##....# ##
###~~~~.# #####~~~~
....~~.########.~~~.#
~~.~.####~~...~~###~~~~
~..~## #..~.~...# ###
~..~####~~~...~~###~~~~.
~~~.~##....####~@~wK#
~~~~.~~~..## #####~~~~.
..~.~~~~~## ###
....~..~~# .\.~~~~~~#
....~..~~# ...~~.~~~#
~..~.~.~.~ ~..~.##.~..


You could see a kobold brigand and a worm.

Vanquished Creatures
  A kobold brigand (Sewer)
  Natasha (thrice) (D:2)
  3 gnolls (D:3)
  7 adders
  A worm (Sewer)
  A dart slug (D:2)
  4 endoplasms
  2 giant cockroaches (D:1)
  6 hobgoblins
  2 jackals (D:1)
  3 quokkas
  8 ball pythons
  3 bats (D:2)
  3 frilled lizards (D:1)
  4 goblins
  A kobold (D:1)
  3 rats
55 creatures vanquished.

Notes
Turn   | Place    | Note
-------+----------+-------------------------------------------
     0 | D:1      | qw the Deep Elf Hunter began the quest for the Orb.
     0 | D:1      | Reached XP level 1. HP: 12/12 MP: 3/3
     0 | D:1      | 0 ||| qw: Version: 0.3-a-9-g12657ce
     0 | D:1      | 0 ||| qw: Game counter: 4404
     0 | D:1      | 0 ||| qw: Always use a shield: true
     0 | D:1      | 0 ||| qw: God list: Okawaru
     0 | D:1      | 0 ||| qw: Allow faded altars: false
     0 | D:1      | 0 ||| qw: Do Orc after D:15 true
     0 | D:1      | 0 ||| qw: Do second Lair branch before Depths: true
     0 | D:1      | 0 ||| qw: Lair rune preference: random
     0 | D:1      | 0 ||| qw: Plans: Normal
     0 | D:1      | 0 ||| PLANNING D:1-11
   133 | D:1      | Reached skill level 6 in Ranged Weapons
   133 | D:1      | Reached XP level 2. HP: 16/16 MP: 4/4
   591 | D:1      | 591 ||| UPGRADING to +0 cloak.
   596 | D:1      | 596 ||| READING scroll labelled IRGHAL YHIAKLOU.
   600 | D:1      | 600 ||| READING scroll labelled XUXEKU PASHRISI.
   601 | D:1      | 601 ||| DROPPING scroll of butterflies.
   656 | D:2      | Reached XP level 3. HP: 11/20 MP: 5/5
   750 | D:2      | Noticed Natasha
   759 | D:2      | Killed Natasha
   760 | D:2      | Reached skill level 7 in Ranged Weapons
   793 | D:2      | Noticed Natasha
   804 | D:2      | HP: 2/20 [Natasha/magic dart (7)]
   805 | D:2      | Killed Natasha
   806 | D:2      | Reached XP level 4. HP: 3/25 MP: 6/6
   962 | D:2      | Identified the +11 hammer of Trog's Supremacy {heavy,
                  | rElec}
   965 | D:2      | Found a runed translucent door.
   966 | D:2      | Noticed Crazy Yiuf
  1024 | D:2      | Reached skill level 8 in Ranged Weapons
  1063 | D:2      | Noticed Natasha
  1065 | D:2      | Killed Natasha
  1066 | D:2      | Reached XP level 5. HP: 29/29 MP: 7/7
  1222 | D:2      | 1222 ||| UPGRADING to +0 pair of gloves.
  1227 | D:2      | 1227 ||| DROPPING ring of flight.
  1265 | D:3      | 1265 ||| PLANNING SEWER
  1578 | D:3      | Reached skill level 9 in Ranged Weapons
  1792 | D:3      | Found a glowing drain.
  1793 | D:3      | 1793 ||| UPGRADING to +0 ring mail.
  1803 | D:3      | 1803 ||| DROPPING +0 leather armour.
  1804 | D:3      | 1804 ||| READING scroll labelled TAFUPIRUGOFF.
  1805 | D:3      | 1805 ||| DRINKING 3 bubbling dark potions.
  1806 | D:3      | 1806 ||| DROPPING 2 potions of attraction.
  1815 | Sewer    | Entered a sewer
  1858 | Sewer    | 1858 ||| Stepping ~*~*~tactically~*~*~ (water).
  1871 | Sewer    | Reached XP level 6. HP: 22/36 MP: 8/8
  1976 | Sewer    | 1976 ||| Stepping ~*~*~tactically~*~*~ (water).
  2033 | Sewer    | HP: 5/36 [poisoned by a kobold brigand]
  2034 | Sewer    | 2034 ||| READING scroll of teleportation.
  2035 | Sewer    | Succumbed to a kobold brigand's poison

Levels and vault maps discovered:
D:1:      dpeg_arrival_tiny_d, layout_basic
D:2:      layout_rooms, uniq_crazy_yiuf_cottage, uniq_natasha
D:3:      layout_rooms, portal_sewer_entry_d
Sewer:    sewer_co_tree

Skill      XL: |  1  2  3  4  5 |
---------------+----------------+-----
Ranged Weapons | 6 7 8 9 |  9.0
Fighting       | 2 |  2.6
Armour         | |  0.1
Dodging        | |  2.4
Stealth        | |  1.2

Action                     |  1- 3 |  4- 6 || total
---------------------------+-------+-------++-------
   Fire: Shortbow          |   105 |    95 ||   200
    Use: Scroll            |     2 |     2 ||     4
         Potion            |       |     1 ||     1
 Armour: Leather armour    |     7 |     3 ||    10
         Ring mail         |       |     4 ||     4
  Dodge: Dodged            |    29 |    14 ||    43

Table legend:
 A = Non-vault XP
 B = Vault XP
 C = Vault XP percentage of total XP
 D = Non-vault monster count
 E = Vault monster count
 F = Vault count percentage of total count
                 A         B        C        D         E       F
            +---------+---------+-------+---------+---------+-------
      Total |     238 |     172 |  42.0 |      45 |      10 |  18.2
            +---------+---------+-------+---------+---------+-------
        D:1 |      33 |       0 |   0.0 |      21 |       0 |   0.0
        D:2 |     159 |      33 |  17.2 |      19 |       1 |   5.0
        D:3 |      46 |      14 |  23.3 |       5 |       1 |  16.7
      Sewer |       0 |     125 | 100.0 |       0 |       8 | 100.0
            +---------+---------+-------+---------+---------+-------
